 Dungeon Crawl Stone Soup version 0.30-a0-715-gdb4ae3ece1 (webtiles) character file.

Game seed: 1922094912481685113

574 bmack86 the Chopper (level 7, -17/61 HPs)
             Began as a Minotaur Fighter on Jan 24, 2023.
             Demolished by an ogre
             ... wielding a +0 giant spiked club
              (21 damage)
             ... on level 4 of the Dungeon.
             The game lasted 00:11:03 (3038 turns).

bmack86 the Chopper (Minotaur Fighter)              Turns: 3038, Time: 00:11:04

Health: -17/61     AC: 14    Str: 22    XL:     7   Next: 12%
Magic:  15/15      EV:  5    Int:  5    God:
Gold:   237        SH:  8    Dex: 10    Spells: 6/6 levels left

rFire   . . .      SeeInvis .    a - +0 war axe (venom)
rCold   . . .      Faith    .    e - +0 kite shield
rNeg    + . .      Spirit   .    c - +0 plate armour
rPois   .          Reflect  .    (helmet restricted)
rElec   .          Harm     .    k - +1 cloak
rCorr   .          Rampage  .    (no gloves)
Will    .....                    (no boots) Stlth
                                 (no amulet)
HPRegen 0.30/turn                m - ring of magical power
MPRegen 0.14/turn                i - ring of positive energy

@: no status effects
A: horns 2, retaliatory headbutt
a: no special abilities


You were on level 4 of the Dungeon.
You visited 1 branch of the dungeon, and saw 5 of its levels.

You collected 237 gold pieces.

Inventory:

Hand Weapons
 a - a +0 war axe of venom (weapon)
Missiles
 d - 3 poisoned darts (quivered)
Armour
 c - a +0 plate armour (worn)
 e - a +0 kite shield (worn)
 k - a +1 cloak (worn)
Jewellery
 i - a ring of positive energy (right hand)
 m - a ring of magical power (left hand)
Wands
 f - a wand of iceblast (7)
Scrolls
 b - a scroll of teleportation
 l - a scroll of enchant armour
Potions
 g - a potion of haste
 h - a potion of lignification
 j - a potion of curing {unknown}
 n - 2 potions of flight
 o - a potion of mutation {unknown}


   Skills:
 + Level 5.3 Fighting
 * Level 6.0 Axes
 + Level 1.7 Throwing
 + Level 5.3 Armour
 + Level 5.3 Shields


You had 6 spell levels left.
You didn't know any spells.
Your spell library contained the following spells:

 Spells                   Type           Power      Damage    Failure   Level
 Static Discharge         Conj/Air       0%         2-2/arc   100%        2
 Vhi's Electric Charge    Tloc/Air       0%         N/A       100%        3
 Arcjolt                  Conj/Air       0%         1d10      100%        5
 Freezing Cloud           Conj/Ice/Air   0%         6-21      100%        5
 Lightning Bolt           Conj/Air       0%         1d11      100%        5
 Simulacrum               Ice/Necr       0%         N/A       100%        6
 Polar Vortex             Ice            0%         N/A       100%        9


Dungeon Overview and Level Annotations

Branches:
Dungeon (5/15)
 Temple: D:4-7

Altars:
Gozag
Sif Muna
Zin
The Shining One


Innate Abilities, Weirdness & Mutations

You have a pair of horns on your head.
You reflexively headbutt those who attack you in melee.


Message History

There is a stone staircase leading up here.
You climb upwards.
There is a stone staircase leading down here.
A necrophage comes into view.
You block the necrophage's attack.
You barely miss the necrophage.
The necrophage hits you but does no damage.
You hit the necrophage. You headbutt the necrophage!
The necrophage is heavily damaged.
The necrophage hits you. You block the necrophage's attack.
You slash the necrophage!
You destroy the necrophage!
Your Axes skill increases to level 6!
You have reached level 7!
HP restored.
An adder comes into view.
The adder hisses angrily.
The adder bites you but does no damage. You block the adder's attack.
You closely miss the adder. You block the adder's attack.
The adder bites you but does no damage.
You slash the adder!
You kill the adder!
You see here an adder corpse.
Found a stone staircase leading up.
An ogre comes into view. It is wielding a +0 giant spiked club.
The ogre shouts!
The ogre hits you with a +0 giant spiked club!!
You barely miss the ogre. Your headbutt misses the ogre.
The ogre hits you with a +0 giant spiked club!
You hit the ogre but do no damage.
The ogre is poisoned.
You headbutt the ogre!
The ogre is moderately wounded.
The ogre hits you with a +0 giant spiked club!!
* * * LOW HITPOINT WARNING * * *
You hit the ogre but do no damage.
The ogre is heavily wounded.
You hit the ogre.
The ogre looks as sick as possible!
The ogre is severely wounded.
The ogre hits you with a +0 giant spiked club!!
You die...

......... ...........##
#...........................#
#.........................#.#
.#..... ...................##
###...
....................####
.................###.#.#
..................#...##
.......O.......###..### ##.
.......@......# ##.## ##..
......<......## #..# .##....
.............# #..#
.......###............## #..#
.
.......##.####..####.#####†.#
##... ...........##
##..##...# ...# #......##$.
##...###.# ...## ##.# . ##.
#..## ## ....# ##.## #...#


You could see an ogre (extremely poisoned).

Vanquished Creatures
  A water moccasin (D:4)
  An ogre (D:5)
  A phantom (D:4)
  A necrophage (D:4)
  2 jellies
  6 adders
  3 gnolls (D:2)
  An ufetubus (D:4)
  5 dart slugs
  2 orcs (D:3)
  13 bats
  10 endoplasms
  4 giant cockroaches
  12 goblins
  8 hobgoblins
  4 jackals (D:2)
  8 kobolds
  4 quokkas
  10 ball pythons
  6 frilled lizards
  11 rats
113 creatures vanquished.

Notes
Turn   | Place    | Note
-------+----------+-------------------------------------------
     0 | D:1      | bmack86 the Minotaur Fighter began the quest for the Orb.
     0 | D:1      | Reached XP level 1. HP: 19/19 MP: 0/0
    40 | D:1      | Found a large runed translucent door.
    40 | D:1      | Found a large runed translucent door.
    43 | D:1      | Reached XP level 2. HP: 27/27 MP: 1/1
   165 | D:1      | Reached skill level 3 in Axes
   542 | D:1      | Reached XP level 3. HP: 33/33 MP: 2/2
  1055 | D:2      | Reached XP level 4. HP: 39/40 MP: 3/3
  1057 | D:2      | Reached skill level 4 in Axes
  1881 | D:3      | Found a glowing silver altar of Zin.
  1882 | D:3      | Found an opulent altar of Gozag.
  1882 | D:3      | Found a glowing golden altar of the Shining One.
  1883 | D:3      | Found a shimmering blue altar of Sif Muna.
  1895 | D:3      | Reached XP level 5. HP: 47/47 MP: 4/4
  2401 | D:4      | Noticed a phantom
  2410 | D:4      | Killed a phantom
  2411 | D:4      | Reached skill level 5 in Axes
  2447 | D:4      | Reached XP level 6. HP: 55/55 MP: 5/5
  2484 | D:4      | Noticed a water moccasin
  2490 | D:4      | Killed a water moccasin
  2491 | D:4      | Reached skill level 5 in Fighting
  2491 | D:4      | Reached skill level 1 in Throwing
  2491 | D:4      | Reached skill level 5 in Armour
  2491 | D:4      | Reached skill level 5 in Shields
  2707 | D:4      | You fall into a shaft and drop 1 floor!
  2707 | D:5      | Entered Level 5 of the Dungeon
  2987 | D:4      | Reached skill level 6 in Axes
  2987 | D:4      | Reached XP level 7. HP: 58/61 MP: 6/6
  3036 | D:4      | HP: 3/61 [ogre/+0 giant spiked club (23)]
  3038 | D:4      | Demolished by an ogre

Illustrated notes

Levels and vault maps discovered:
D:1:      erik_arrival_cave_to_civilisation [erik_arrival_cave_to_temple],
          layout_basic, nicolae_kite_square_tiling_tiny, chequers_jeans
D:2:      layout_loops_cross
D:3:      layout_basic, chequers_temple_overflow_statue_of_worship
D:4:      layout_layer_cave
D:5:      dreamdust_elfheim, layout_basic, minmay_temple_entry_arrows,
          minmay_misc_feat_enclosed

Skill      XL: |  1  2  3  4  5  6 |
---------------+-------------------+-----
Axes           | 3 4 5 6 |  6.0
Shields        | 4 5 |  5.3
Fighting       | 4 5 |  5.3
Armour         | 4 5 |  5.3
Throwing       | 1 |  1.7

Action                     |  1- 3 |  4- 6 |  7- 9 || total
---------------------------+-------+-------+-------++-------
  Melee: War axe           |    80 |    99 |     6 ||   185
         Headbutt          |     5 |    20 |     1 ||    26
  Throw: Dart              |       |     1 |       ||     1
    Use: Scroll            |     5 |     8 |       ||    13
         Potion            |     1 |       |       ||     1
 Armour: Scale mail        |    14 |       |       ||    14
         Plate armour      |    68 |    63 |     2 ||   133
  Dodge: Dodged            |    33 |     9 |       ||    42
  Block: Buckler           |     6 |       |       ||     6
         Kite shield       |    47 |    48 |     2 ||    97

Table legend: (Time is in decaauts)
 A = Elapsed time spent in this place.
 B = Non-inter-level travel time spent in this place.
 C = Inter-level travel time spent in this place.
 D = Time resting spent in this place.
 E = Time spent auto-exploring this place.
 F = Levels seen in this place.
 G = Mean time per level.
                   A        B        C        D        E       F      G
               +--------+--------+--------+--------+--------+-----+--------+
         Total |   3119 |   2991 |    128 |     96 |   1814 |   5 |  623.8 |
       Dungeon |   3119 |   2991 |    128 |     96 |   1814 |   5 |  623.8 |
               +--------+--------+--------+--------+--------+-----+--------+

Top non-repeatable levels by time:
     D:1: 1073 daAuts
     D:2: 684 daAuts
     D:3: 570 daAuts
     D:4: 521 daAuts
     D:5: 270 daAuts
